 Dungeon Crawl Stone Soup version 0.20.0-8-g6b59dc7 (webtiles) character file.

55790 Lavandula the Severer (level 14, -4/120 HPs)
             Began as a Deep Dwarf Warper on June 1, 2017.
             Was an Elder of Makhleb.
             Shot with a bolt by a yaktaur captain (26 damage)
             ... on level 1 of the Depths.
             The game lasted 01:37:53 (16113 turns).

Lavandula the Severer (Deep Dwarf Warper)          Turns: 16113, Time: 01:37:54

Health: -4/120     AC: 13    Str: 24    XL:     14   Next: 39%
Magic:  16/16      EV: 16    Int: 13    God:    Makhleb [****..]
Gold:   398        SH:  0    Dex: 15    Spells: 4/20 levels left

rFire    . . .     SeeInvis +   l - +2 battleaxe (freeze)
rCold    + . .     Gourm    .   (shield currently unavailable)
rNeg     + . .     Faith    .   X - +1 ring mail {rC+}
rPois    +         Spirit   .   Y - +2 hat {SInv}
rElec    .         Reflect  .   (no cloak)
rCorr    .         Harm     .   n - +2 pair of gloves
MR       +++..     Clarity  +   (no boots)
Stlth    +.........             W - amulet of magic regeneration
Regen    0.0/turn               h - ring of protection from magic
MPRegen  0.3/turn               K - +4 ring of strength

@: very slightly contaminated, non-regenerating
A: damage resistance, heal wounds, horns 2, rugged brown scales 1, clarity,
negative energy resistance 1, sense surroundings 2, poison resistance, strong 1,
no regeneration
a: Heal Wounds, Minor Destruction, Lesser Servant of Makhleb, Major Destruction,
Renounce Religion


You were on level 1 of the Depths.
You worshipped Makhleb.
Makhleb was greatly pleased with you.
You were near starving.

You visited 3 branches of the dungeon, and saw 18 of its levels.
You also visited: Ice Cave.

You collected 1355 gold pieces.
You spent 957 gold pieces at shops.

Inventory:

Hand Weapons
 l - a +2 battleaxe of freezing (weapon)
Missiles
 e - 2 tomahawks of dispersal
 C - 7 javelins (quivered)
 F - 116 bolts
 U - 18 tomahawks
Armour
 n - a +2 pair of gloves (worn)
 X - a +1 ring mail of cold resistance (worn)
 Y - a +2 hat of see invisible (worn)
Magical Staves
 P - an uncursed staff of wizardry
Jewellery
 h - a ring of protection from magic (left hand)
 K - a +4 ring of strength (right hand)
 W - an amulet of magic regeneration (around neck)
Wands
 a - a wand of iceblast (6/15)
 j - a wand of random effects (40/48)
 t - a wand of confusion (1/48)
 S - a wand of flame (27/48)
 T - a wand of polymorph (1/24)
Scrolls
 b - a scroll of magic mapping
 i - 13 scrolls of remove curse
 s - 4 scrolls of teleportation
 u - 4 scrolls of immolation
 w - a scroll of enchant weapon {unknown}
 x - 3 scrolls of fear
 D - 2 scrolls of fog
 G - 3 scrolls of recharging
 I - 3 scrolls of amnesia
 R - a scroll of summoning {unknown}
 V - a scroll of enchant armour
Potions
 g - 2 potions of ambrosia
 k - 3 potions of agility
 m - 4 potions of magic
 p - a potion of mutation
 r - 4 potions of flight
 y - a potion of might
 A - a potion of resistance
 E - 3 potions of brilliance
 L - a potion of invisibility
 N - a potion of lignification
 O - 4 potions of curing
 Q - a potion of cancellation
Books
 c - a book of Spatial Translocations

   Spells                             Type                      Level
   a - Blink                          Translocation                2
   b - Shroud of Golubria             Charms/Translocation         2
   c - Lesser Beckoning               Translocation                3
   d - Gell's Gravitas                Translocation                3
   e - Teleport Other                 Translocation                3
   f - Passage of Golubria            Translocation                4
 q - a book of Party Tricks

   Spells                             Type                      Level
   a - Summon Butterflies             Summoning                    1
   b - Apportation                    Translocation                1
   c - Lesser Beckoning               Translocation                3
   d - Tukima's Dance                 Hexes                        3
   e - Alistair's Intoxication        Transmutation/Poison         5
   f - Invisibility                   Hexes                        6
 Z - a book of Necromancy

   Spells                             Type                      Level
   a - Pain                           Necromancy                   1
   b - Animate Skeleton               Necromancy                   1
   c - Vampiric Draining              Necromancy                   3
   d - Regeneration                   Charms/Necromancy            3
   e - Animate Dead                   Necromancy                   4
   f - Control Undead                 Necromancy                   4
Miscellaneous
 M - a phial of floods (inert)
Comestibles
 f - 11 bread rations
 v - 10 fruits
 z - 12 royal jellies
 B - 13 meat rations


   Skills:
 - Level 5.4 Fighting
 + Level 19.9 Axes
 - Level 4.2 Throwing
 - Level 6.0 Armour
 - Level 7.8 Dodging
 - Level 3.5 Spellcasting
 - Level 4.5 Summonings
 - Level 8.3 Necromancy
 - Level 3.6 Translocations
 - Level 4.8 Invocations
 - Level 5.5 Evocations


You had 4 spell levels left.
You knew the following spells:

 Your Spells              Type           Power        Failure   Level  Hunger
a - Blink                 Tloc           N/A          11%         2    ##.....
b - Shroud of Golubria    Chrm/Tloc      #.........   22%         2    ##.....
c - Gell's Gravitas       Tloc           ##........   22%         3    ###....
d - Teleport Other        Tloc           ##......     22%         3    ###....
e - Vampiric Draining     Necr           ###.......   3%          3    ###....
f - Animate Skeleton      Necr           N/A          1%          1    #......
g - Summon Butterflies    Summ           ##......     4%          1    #......
h - Apportation           Tloc           ##....       7%          1    #......


Dungeon Overview and Level Annotations

Branches:
Dungeon (15/15)            Temple (1/1) D:5            Lair (0/6) D:9
 Vaults (0/5) D:13         Depths (2/5) D:15
    Orc: D:9-12

Altars:
Ashenzari
Cheibriados
Dithmenos
Elyvilon
Hepliaklqana
Kikubaaqudgha
Makhleb
Nemelex Xobeh
Okawaru
Ru
Trog
Uskayaw
Vehumet
Xom
The Shining One

Shops:
D:6 %   D:8 :   D:12 *   D:14 =!*=

Portals:
Hell: Depths:1
Pandemonium: Depths:2

Annotations:
D:9 exclusion: downstairs
D:11 orb spider! hydra!
D:13 exclusion: downstairs
D:15 exclusion: Roxanne, Roxanne
Depths:1 exclusion: downstairs, Chiseanne's ghost, adept DsWz
Depths:2 exclusion: downstairs, Sojobo


Innate Abilities, Weirdness & Mutations

You are resistant to damage.
You can heal yourself by infusing magical energy.
You resist negative energy. (rN+)
You passively map the area around you.
You do not regenerate.
You have a pair of horns on your head.
You are partially covered in rugged brown scales. (AC +1, +3% HP)
You possess an exceptional clarity of mind.
Your system is resistant to poisons. (rPois)
Your muscles are strong. (Str +2)


Message History

A stone giant is nearby!
Okay, then.
A yaktaur and a yaktaur captain come into view.
The yaktaur shouts!
The yaktaur moves out of view.
The yaktaur captain wields an arbalest.
The yaktaur captain shoots a bolt.
The bolt hits you!!
* * * LOW HITPOINT WARNING * * *
You see here a bolt.
Blink to where?
Press: ? - help, Dir - move target cursor You are very lightly contaminated with residual magic.
As you read the scroll of blinking, it crumbles to dust.
A centaur warrior, 2 yaktaur captains, a tengu warrior and a tengu conjurer come into view.
A yaktaur captain is wielding a staff of conjuration.
The yaktaur captain shouts!
The centaur warrior shouts!
The tengu warrior shouts!
The tengu conjurer shouts!
The yaktaur captain shouts!
The yaktaur captain wields an arbalest.
The yaktaur captain shoots a bolt.
The bolt hits you!!
You die...

).#........# **,****,**********
..########## *,......,,,,,* *
(.##### ####.c....,,,,,* *
......# #.........,,,,,* *
......# #........,,,,,,* *
......# #......#,**********
'###### #...Q..#.#*,,,,,,,, ..#
####.Q......#*,,,,,,,, ..#
#....@...#,,**,,,,,,,, ..#
#........#,,**,,,,,,,, ###
#........#*>**,,,,,,,,
.###########......cc#*,**,,,,,,,,
....................#*,**,,,,,,,,
...............####..,,**,,,,,,,,
..C............# *.##***,,,,,,,,
.........ยง.....# *.#,,,*,,,,,,,,
############...#***,*,*,*,,,,,,,,


You could see 2 yaktaur captains, a tengu warrior, a centaur warrior and a tengu
conjurer.

Vanquished Creatures
  A frost giant (IceCv)
  4 very ugly things (Depths:1)
  A reaper (Depths:1)
  Nessos (D:13)
  An ettin (Depths:2)
  An ogre mage (D:14)
  A hydra (D:15)
  2 ice dragons (D:15)
  3 centaur warriors
  A death yak (IceCv)
  6 two-headed ogres
  A vampire mage (Depths:1)
  A deep troll earth mage (Depths:2)
  2 tengu warriors
  Urug (D:13)
  A storm dragon skeleton (Depths:2)
  A hell knight (Depths:2)
  2 skeletal warriors (D:15)
  A deep elf archer (D:14)
  An orc knight (D:15)
  A wolf spider zombie (D:13)
  2 tengu skeletons (Depths:2)
  A necromancer (Depths:2)
  A frost giant zombie (Depths:2)
  10 ugly things
  A cyclops (D:12)
  An ice statue (IceCv)
  3 centaur zombies
  An elf skeleton (Depths:2)
  A gargoyle (D:10)
  A freezing wraith (D:14)
  An efreet (D:15)
  2 trolls (D:15)
  3 tengu conjurers (D:14)
  A queen bee (D:15)
  A queen bee (shapeshifter) (D:14)
  3 meliai (D:15)
  9 polar bears (IceCv)
  Prince Ribbit (D:5)
  A hornet (D:13)
  12 slime creatures
  4 hippogriffs
  A spriggan (shapeshifter) (D:15)
  A redback (D:11)
  2 wyverns (D:15)
  A shadow (D:15)
  A basilisk (D:13)
  16 humans
  3 wraiths
  A hungry ghost (D:13)
  6 hogs
  Eustachio (D:5)
  11 yaks (IceCv)
  4 vampire mosquitoes (D:15)
  An ice beast (D:5)
  2 water moccasins
  A hornet zombie (D:12)
  5 orc warriors
  An eye of draining (D:13)
  A black bear (D:7)
  A sky beast (D:13)
  7 centaurs
  4 ogres
  3 phantoms
  A boggart (D:13)
  14 wolves (IceCv)
  Blork the orc (D:5)
  2 big kobolds
  11 bullfrogs
  2 scorpions
  16 killer bees (D:15)
  A howler monkey (D:9)
  5 wights (D:8)
  7 crimson imps
  4 bullfrog zombies
  6 orc priests
  4 hounds
  2 jellies
  15 orc wizards
  A bullfrog skeleton (D:7)
  2 centaur skeletons
  8 iguanas
  10 worker ants
  A worker ant zombie (D:8)
  9 adders
  A shadow imp (D:9)
  2 oozes
  An adder skeleton (D:4)
  2 adder zombies
  4 worms
  3 dart slugs (D:1)
  3 leopard geckos
  40 orcs
  A ball python (D:5)
  8 giant cockroaches
  10 goblins
  11 hobgoblins
  9 jackals
  17 kobolds
  3 quokkas
  22 bats
  6 frilled lizards
  A jackal skeleton (D:4)
  A leopard gecko skeleton (D:4)
  11 rats
446 creatures vanquished.

Vanquished Creatures (collateral kills)
  Kirke (D:15)
  A stone giant (Depths:1)
  Snorg (D:14)
  A death yak (IceCv)
  A skeletal warrior (D:15)
  2 ugly things
  A cyclops (D:11)
  5 polar bears (IceCv)
  A troll (D:15)
  2 hippogriffs
  A wyvern (D:11)
  6 yaks
  A human (D:13)
  A black bear (D:9)
  An orc warrior (D:10)
  A wolf (IceCv)
  A scorpion (D:9)
  9 killer bees (D:9)
  A jelly (D:10)
  2 orc priests (D:10)
  2 orc wizards
  A shadow imp (D:15)
  2 orcs
  2 jackals (D:9)
47 creatures vanquished.

Vanquished Creatures (others)
  A polar bear (IceCv)
  2 yaks (IceCv)
  2 humans (D:15)
  5 wolves (IceCv)
10 creatures vanquished.

Grand Total: 503 creatures vanquished

Notes
Turn   | Place    | Note
-------+----------+-------------------------------------------
     0 | D:1      | Lavandula the Deep Dwarf Warper began the quest for the Orb.
     0 | D:1      | Reached XP level 1. HP: 19/19 MP: 3/3
   131 | D:1      | Reached skill level 3 in Axes
   131 | D:1      | Reached XP level 2. HP: 12/26 MP: 4/4
   372 | D:1      | Reached XP level 3. HP: 12/32 MP: 5/5
   398 | D:1      | Reached skill level 4 in Axes
  1137 | D:2      | Found a burning altar of Makhleb.
  1148 | D:2      | Became a worshipper of Makhleb the Destroyer
  1170 | D:2      | Found a hide-covered altar of Uskayaw.
  1245 | D:2      | Reached XP level 4. HP: 20/39 MP: 6/6
  1249 | D:2      | Learned a level 2 spell: Blink
  1252 | D:2      | Learned a level 2 spell: Shroud of Golubria
  1273 | D:2      | Reached skill level 5 in Axes
  1498 | D:2      | Found a radiant altar of Vehumet.
  1673 | D:3      | Reached * piety under Makhleb
  1845 | D:3      | Noticed a bullfrog
  1855 | D:3      | Killed a bullfrog
  1855 | D:3      | Reached skill level 6 in Axes
  1855 | D:3      | Reached XP level 5. HP: 39/45 MP: 7/7
  2491 | D:4      | Reached skill level 7 in Axes
  2491 | D:4      | Reached XP level 6. HP: 34/52 MP: 8/8
  2898 | D:5      | Entered Level 5 of the Dungeon
  2933 | D:5      | Noticed an ice beast
  3066 | D:5      | Reached skill level 8 in Axes
  3068 | D:5      | Noticed Prince Ribbit
  3099 | D:5      | Killed Prince Ribbit
  3099 | D:5      | Reached XP level 7. HP: 48/58 MP: 6/9
  3134 | D:5      | Found a staircase to the Ecumenical Temple.
  3146 | Temple   | Entered the Ecumenical Temple
  3240 | D:5      | Found a glowing golden altar of the Shining One.
  3303 | D:5      | Noticed Eustachio
  3318 | D:5      | Noticed Blork the orc
  3453 | D:5      | Reached ** piety under Makhleb
  3465 | D:5      | Killed Eustachio
  3478 | D:5      | Killed Blork the orc
  3818 | D:6      | Reached XP level 8. HP: 31/73 MP: 10/10
  3889 | D:6      | Reached skill level 5 in Fighting
  4079 | D:6      | Found Hyrphe's Food Shop.
  4177 | D:6      | Learned a level 3 spell: Gell's Gravitas
  4550 | D:7      | Got a bloodstained leather armour
  4561 | D:7      | Identified the +3 leather armour "Sexalod" {rPois} (You found it on level 7 of the Dungeon)
  4813 | D:7      | Gained mutation: You passively map the area around you. [Deep Dwarf growth]
  4813 | D:7      | Reached XP level 9. HP: 52/81 MP: 13/13
  4900 | D:7      | Reached skill level 5 in Evocations
  5366 | D:8      | Reached skill level 5 in Dodging
  5460 | D:8      | Reached *** piety under Makhleb
  5484 | D:8      | Found an iron altar of Okawaru.
  5484 | D:8      | Found a shattered altar of Ashenzari.
  5526 | D:8      | Noticed a two-headed ogre
  5577 | D:8      | Killed a two-headed ogre
  5842 | D:8      | Found Cuaj's Book Shoppe.
  5981 | D:9      | Reached XP level 10. HP: 58/88 MP: 14/14
  5998 | D:9      | Found a hazy altar of Hepliaklqana.
  6074 | D:9      | Reached skill level 5 in Armour
  6364 | D:9      | You fall through a shaft!
  6364 | D:10     | Entered Level 10 of the Dungeon
  6453 | D:11     | Noticed a red ugly thing
  6503 | D:10     | You fall through a shaft for 2 floors!
  6608 | D:12     | Reached skill level 9 in Axes
  7078 | D:9      | Reached skill level 10 in Axes
  7097 | D:9      | Reached skill level 1 in Throwing
  7190 | D:9      | Found a shadowy altar of Dithmenos.
  7637 | D:10     | Noticed a gargoyle
  7650 | D:10     | Killed a gargoyle
  7929 | D:11     | Killed a red ugly thing
  7929 | D:11     | Reached skill level 11 in Axes
  7935 | D:11     | Gained mutation: Armour fits poorly on your strangely shaped body. [mutagenic meat]
  7936 | D:11     | Gained mutation: Your muscles are strong. (Str +2) [mutagenic meat]
  7937 | D:11     | Gained mutation: You are partially covered in rugged brown scales. (AC +1, +3% HP) [mutagenic meat]
  7938 | D:11     | Gained mutation: Your muscles are very strong. (Str +4) [mutagenic meat]
  8014 | D:11     | Found a sparkling altar of Nemelex Xobeh.
  8025 | D:11     | Noticed a cyclops
  8036 | D:11     | Killed a cyclops
  8249 | D:11     | Noticed an orb spider
  8249 | D:11     | a shapeshifter changed into an orb spider
  8354 | D:11     | Learned a level 3 spell: Teleport Other
  8357 | D:12     | Noticed Nergalle
  8357 | D:12     | Noticed a cyclops
  8454 | D:12     | Reached XP level 11. HP: 77/98 MP: 14/14
  8523 | D:12     | Noticed Nergalle
  8523 | D:12     | Nergalle changed into Nergalle the redback
  8539 | D:11     | Killed Nergalle the redback
  8708 | D:12     | Found Muinul Hese's Assorted Antiques.
  8711 | D:12     | Bought an opal ring for 155 gold pieces
  8791 | D:12     | Reached **** piety under Makhleb
  8800 | D:12     | Reached skill level 12 in Axes
  8996 | D:8      | Bought a book of Necromancy for 360 gold pieces
  9000 | D:8      | Learned a level 3 spell: Vampiric Draining
  9002 | D:8      | Learned a level 1 spell: Animate Skeleton
  9145 | D:11     | Noticed a seven-headed hydra
  9239 | D:13     | Found a frozen archway.
  9239 | D:13     | Noticed a green ugly thing
  9352 | D:13     | Noticed a two-headed ogre
  9367 | D:12     | Killed a green ugly thing
  9367 | D:12     | Reached skill level 1 in Necromancy
  9372 | D:12     | Gained mutation: You are dopey. (Int -2) [mutagenic meat]
  9373 | D:12     | Gained mutation: You possess an exceptional clarity of mind. [mutagenic meat]
  9374 | D:12     | Gained mutation: You are very dopey. (Int -4) [mutagenic meat]
  9394 | D:12     | Killed a two-headed ogre
  9475 | IceCv    | Entered an ice cave
  9738 | IceCv    | Reached skill level 5 in Necromancy
 10555 | IceCv    | Noticed a death yak
 10555 | IceCv    | Noticed a death yak
 10555 | IceCv    | Noticed a frost giant
 10615 | IceCv    | Killed a death yak
 10642 | IceCv    | Killed a death yak
 10660 | IceCv    | Killed a frost giant
 10660 | IceCv    | Reached skill level 13 in Axes
 10660 | IceCv    | Reached XP level 12. HP: 50/106 MP: 5/15
 10934 | D:13     | Paralysed by a hornet for 2 turns
 11058 | D:13     | Noticed a two-headed ogre
 11080 | D:13     | Killed a two-headed ogre
 11132 | D:13     | Lost mutation: You are very dopey. (Int -4) [mutagenic meat]
 11133 | D:13     | Gained mutation: Your system is resistant to poisons. (rPois) [mutagenic meat]
 11134 | D:13     | Gained mutation: Your spells are a little harder to cast, but a little more powerful. [mutagenic meat]
 11135 | D:13     | Lost mutation: Your muscles are very strong. (Str +4) [mutagenic meat]
 11155 | D:13     | Reached skill level 14 in Axes
 11172 | D:13     | Noticed a centaur warrior
 11177 | D:13     | Killed a centaur warrior
 11195 | D:13     | Noticed Urug
 11216 | D:13     | Noticed Nessos
 11232 | D:13     | Killed Nessos
 11235 | D:13     | Reached skill level 15 in Axes
 11275 | D:13     | Killed Urug
 11484 | D:13     | Noticed a centaur warrior
 11491 | D:13     | Killed a centaur warrior
 11539 | D:13     | Found a gate to the Vaults.
 11799 | D:14     | Reached skill level 16 in Axes
 11859 | D:14     | Noticed a centaur warrior
 11860 | D:14     | Found Qeiniy's Distillery.
 11864 | D:14     | Killed a centaur warrior
 11882 | D:14     | Bought a potion of flight for 39 gold pieces
 11882 | D:14     | Bought a potion of berserk rage for 65 gold pieces
 11882 | D:14     | Bought a potion of invisibility for 104 gold pieces
 11886 | D:14     | Bought 2 potions of heal wounds for 130 gold pieces
 11886 | D:14     | Bought a potion of agility for 52 gold pieces
 11886 | D:14     | Bought a potion of might for 52 gold pieces
 11915 | D:14     | Found Votwagao's Jewellery Emporium.
 11928 | D:14     | Noticed a tengu warrior
 11936 | D:14     | Killed a tengu warrior
 12087 | D:14     | Noticed an ogre mage
 12101 | D:14     | Killed an ogre mage
 12101 | D:14     | Reached XP level 13. HP: 98/113 MP: 16/16
 12106 | D:14     | Gained mutation: You have a pair of small horns on your head. [mutagenic meat]
 12107 | D:14     | Lost mutation: Armour fits poorly on your strangely shaped body. [mutagenic meat]
 12108 | D:14     | Lost mutation: You are dopey. (Int -2) [mutagenic meat]
 12212 | D:14     | Found Apranong's Assorted Antiques.
 12322 | D:14     | Found Xuitircha's Jewellery Shoppe.
 12322 | D:14     | Noticed Snorg
 12332 | D:14     | Killed Snorg
 12485 | D:15     | Entered Level 15 of the Dungeon
 12561 | D:15     | Reached skill level 17 in Axes
 12843 | D:15     | Learned a level 1 spell: Summon Butterflies
 12845 | D:15     | Learned a level 1 spell: Apportation
 12850 | D:15     | Noticed Kirke
 12851 | D:15     | Reached skill level 1 in Summonings
 12895 | D:15     | Killed Kirke
 13086 | D:15     | Noticed Roxanne
 13207 | D:15     | Reached ***** piety under Makhleb
 13315 | D:15     | Reached skill level 18 in Axes
 13849 | D:15     | Found a staircase to the Depths.
 13909 | Depths:1 | Entered Level 1 of the Depths
 13919 | Depths:1 | Noticed a stone giant
 13953 | Depths:1 | Killed a stone giant
 15123 | D:9      | Found a staircase to the Lair.
 15418 | Depths:1 | Found a gateway to Hell.
 15485 | Depths:1 | Noticed a brown very ugly thing
 15486 | Depths:1 | Noticed a brown very ugly thing
 15486 | Depths:1 | Noticed a brown very ugly thing
 15486 | Depths:1 | Noticed Chiseanne's ghost (adept DsWz)
 15514 | Depths:1 | Noticed a red very ugly thing
 15522 | Depths:1 | Killed a red very ugly thing
 15534 | Depths:1 | Killed a red very ugly thing
 15534 | Depths:1 | Killed a brown very ugly thing
 15534 | Depths:1 | Gained mutation: You resist negative energy. (rN+) [Deep Dwarf growth]
 15534 | Depths:1 | Reached XP level 14. HP: 120/120 MP: 7/17
 15541 | Depths:1 | Reached skill level 19 in Axes
 15543 | Depths:1 | Killed a brown very ugly thing
 15574 | Depths:1 | Lost mutation: Your spells are a little harder to cast, but a little more powerful. [mutagenic meat]
 15575 | Depths:1 | Gained mutation: You have a pair of horns on your head. [mutagenic meat]
 15818 | Depths:2 | Found a one-way gate leading to the halls of Pandemonium.
 15823 | Depths:2 | Noticed Sojobo
 15884 | Depths:1 | Noticed a reaper
 15979 | Depths:1 | Killed a reaper
 16025 | Depths:1 | Noticed a stone giant
 16113 | Depths:1 | Shot with a bolt by a yaktaur captain

Skill      XL: |  1  2  3  4  5  6  7  8  9 10 11 12 13 14 |
---------------+-------------------------------------------+-----
Axes           | 3 4 6 7 8 11 13 16 18 19 | 19.9
Fighting       | 4 5 |  5.4
Armour         | 2 4 6 |  6.0
Invocations    | 4 |  4.8
Spellcasting   | 3 |  3.5
Evocations     | 2 5 |  5.5
Dodging        | 7 |  7.8
Throwing       | 4 |  4.2
Necromancy     | 8 |  8.3
Summonings     | 4 |  4.5
Translocations | |  3.6

Action                   |  1- 3 |  4- 6 |  7- 9 | 10-12 | 13-15 || total
-------------------------+-------+-------+-------+-------+-------++-------
Melee: Hand axe          |   156 |   200 |   436 |   671 |       ||  1463
       Battleaxe         |       |       |       |   188 |   384 ||   572
       Headbutt          |       |       |       |       |    88 ||    88
Throw: Stone             |     7 |    22 |     7 |     1 |       ||    37
       Tomahawk          |     3 |       |       |       |       ||     3
       Javelin           |       |       |       |    54 |    29 ||    83
 Cast: Shroud of Golubri |       |     4 |     3 |       |     5 ||    12
       Vampiric Draining |       |       |       |    80 |    77 ||   157
       Animate Skeleton  |       |       |       |    23 |     2 ||    25
       Blink             |       |       |       |     8 |     1 ||     9
       Teleport Other    |       |       |       |     3 |       ||     3
       Summon Butterflie |       |       |       |       |    22 ||    22
Invok: Lesser Servant of |       |       |       |    38 |    20 ||    58
 Abil: Heal Wounds       |     1 |     4 |     4 |     9 |     7 ||    25
Evoke: Wand              |       |       |     7 |    15 |     9 ||    31
       Phial of floods   |       |       |       |     1 |     2 ||     3
  Use: Scroll            |       |       |    12 |    15 |     5 ||    32
       Potion            |       |       |     3 |     6 |     5 ||    14
 Stab: Confused          |       |       |     4 |     5 |     6 ||    15
       Distracted        |       |       |       |       |     3 ||     3
  Eat: Chunk             |     1 |     7 |     4 |    46 |    18 ||    76
       Meat ration       |       |       |     1 |       |       ||     1
       Royal jelly       |       |       |       |     1 |     3 ||     4
       Fruit             |       |       |       |       |     1 ||     1
Armor: Leather armour    |    60 |     1 |    18 |       |       ||    79
       Ring mail         |       |    61 |    56 |   157 |   147 ||   421
       Skin              |       |       |    25 |    27 |       ||    52
       Scale mail        |       |       |    21 |     6 |       ||    27
       Chain mail        |       |       |    98 |    17 |       ||   115
       Plate armour      |       |       |       |    89 |       ||    89
Dodge: Dodged            |   117 |   124 |   186 |   562 |   325 ||  1314
